 Dungeon Crawl Stone Soup version 0.27.1-1-g398f81649c (webtiles) character file.

Game seed: 6534802022643966426

9508 pokedragonboy the Cleaver (level 11, -5/148 HPs)
             Began as a Hill Orc Fighter on Sept 12, 2021.
             Was a Believer of Beogh.
             Slain by a hell rat (9 damage)
             ... on level 2 of the Lair of Beasts.
             The game lasted 00:25:21 (15652 turns).

pokedragonboy the Cleaver (Hill Orc Fighter)       Turns: 15652, Time: 00:25:22

Health: -5/148     AC: 25    Str: 23    XL:     11   Next: 47%
Magic:  18/18      EV:  2    Int: 10    God:    Beogh [**....]
Gold:   509        SH:  0    Dex: 10    Spells: 10/10 levels left

rFire    . . .     SeeInvis .   b - +2 short sword (flame)
rCold    . . .     Faith    .   (no shield)
rNeg     + + +     Spirit   .   (armour currently unavailable)
rPois    +         Reflect  .   (helmet currently unavailable)
rElec    .         Harm     .   (cloak currently unavailable)
rCorr    +         Rampage  .   (gloves currently unavailable)
Will     .....     NoTele   +   (boots currently unavailable)
Stlth    +.........             o - amulet of the acrobat
HPRegen  0.34/turn              e - ring of resist corrosion
MPRegen  0.16/turn              u - ring of Melee {Fly Int+2}

@: tree-form, studying Short Blades
A: stationary, stasis, torment immunity, boosted hp
a: Renounce Religion, Smiting


You were on level 2 of the Lair of Beasts.
You worshipped Beogh.
Beogh was pleased with you.
You were a tree.
You visited 2 branches of the dungeon, and saw 11 of its levels.
You also visited: Ossuary.

You collected 509 gold pieces.

Inventory:

Hand Weapons
 a - a +0 battleaxe
 b - a +2 short sword of flaming (weapon)
 C - a +0 glaive
 E - a +0 scythe of protection
Missiles
 j - 8 javelins (quivered)
Armour
 c - a +0 kite shield
 l - a +0 cloak (melded)
 y - +0 steam dragon scales
 G - a +0 pair of gloves (melded)
 K - a +1 plate armour of willpower (melded)
Jewellery
 e - a ring of resist corrosion (left branch)
 g - a ring of fire
 o - an amulet of the acrobat (around neck)
 r - an amulet of magic regeneration
 u - the ring of Melee (right branch) {Fly Int+2}
   (You found it on level 6 of the Dungeon)

   [ring of flight]

   Int:       It affects your intelligence (+2).
   Fly:       It grants you flight.
Wands
 m - a wand of paralysis (9)
 t - a wand of flame (6)
 z - a wand of charming (7)
 B - a wand of acid (16)
 D - a wand of digging (6)
Scrolls
 i - a scroll of noise {unknown}
 n - 3 scrolls of immolation
 p - 2 scrolls of magic mapping
 q - a scroll of amnesia
 s - 4 scrolls of teleportation
 J - a scroll of vulnerability {unknown}
Potions
 d - a potion of flight
 f - 3 potions of mutation {unknown}
 h - 4 potions of haste
 k - 2 potions of brilliance
 v - a potion of might
 w - a potion of cancellation {unknown}
 x - a potion of lignification
 A - a potion of magic {unknown}
 H - 2 potions of curing {unknown}


   Skills:
 + Level 9.9 Fighting
 - Level 6.0 Short Blades
 * Level 13.7 Axes
 + Level 9.1 Armour
 - Level 3.2 Shields
 + Level 9.9 Invocations


You had 10 spell levels left.
You didn't know any spells.
Your spell library contained the following spells:

 Spells                   Type           Power      Damage    Failure   Level
 Freeze                   Ice            0%         1d3       36%         1
 Frozen Ramparts          Ice            0%         1d2       75%         3
 Ozocubu's Armour         Ice            0%         N/A       75%         3
 Animate Dead             Necr           0%         N/A       98%         4
 Hailstorm                Conj/Ice       0%         3d3       98%         4
 Sticky Flame             Conj/Fire      0%         2d3       98%         4
 Bolt of Magma            Conj/Fire/Erth 0%         4d4       100%        5
 Metabolic Englaciation   Hex/Ice        0%         N/A       100%        5
 Simulacrum               Ice/Necr       0%         N/A       100%        6
 Haunt                    Necr/Summ      0%         N/A       100%        7
 Infestation              Necr           0%         N/A       100%        8
 Fire Storm               Conj/Fire      0%         5d1       100%        9


Dungeon Overview and Level Annotations

Branches:
Dungeon (9/15)             Temple (0/1) D:6            Lair (2/6) D:8
Ossuary (visited)
  Swamp: Lair:2-4    Shoals: Lair:2-4     Snake: Lair:2-4    Spider: Lair:2-4
    Orc: D:9-12

Altars:
Fedhas
Ru
Trog
Yredelemnul
Zin
The Shining One


Message History

* * * LOW HITPOINT WARNING * * *
The five-headed hydra bites you but does no damage.
The five-headed hydra bites you!
* * * LOW HITPOINT WARNING * * *
The five-headed hydra bites you.
* * * LOW HITPOINT WARNING * * *
Okay, then.
Aiming: Paralyse
Press: ? - help, Shift-Dir - straight line, f - five-headed hydra
Aim: a five-headed hydra (heavily wounded, chance to affect: 15%)
Okay, then.
Aiming: Charm
Press: ? - help, Shift-Dir - straight line, f - five-headed hydra
Aim: a five-headed hydra (heavily wounded, chance to affect: 15%)
Okay, then.
Aiming: Corrosive Bolt
Press: ? - help, Shift-Dir - straight line, f - five-headed hydra
Aim: a five-headed hydra (heavily wounded, 90% to hit)
Okay, then.
Okay, then.
As you read the scroll of teleportation, it crumbles to dust.
You feel strangely unstable.
The five-headed hydra barely misses you.
The five-headed hydra bites you.
* * * LOW HITPOINT WARNING * * *
The five-headed hydra bites you.
* * * LOW HITPOINT WARNING * * *
The five-headed hydra bites you but does no damage.
The five-headed hydra barely misses you.
Your surroundings suddenly seem different. 4 hell rats come into view.
Found a wand of digging (4).
The hell rat roars deafeningly! x4
Really quaff the potion of lignification?
You turn into a tree.
Your +0 cloak melds into your body.
Your +0 pair of gloves melds into your body.
Your +1 plate armour of willpower melds into your body.
You feel less strong-willed.
Your roots penetrate the ground.
The hell rat bites you!
You die...

../ .... ...
... .... ...
..... ..
.....###.##+##.
...............
.......rr.rr...
#...♣# #.####


You could see 4 hell rats.

Vanquished Creatures
  A hydra (Lair:1)
  3 cane toads
  3 komodo dragons
  A rime drake (Lair:1)
  2 polar bears
  3 blink frogs (Lair:1)
  Sigmund (D:3)
  8 yaks (Lair:1)
  A vampire (D:8)
  A basilisk (Lair:1)
  A steam dragon (D:6)
  9 water moccasins
  2 sky beasts
  3 orc warriors
  3 ice beasts (D:7)
  A necrophage (D:5)
  3 ogres (D:5)
  3 centaurs
  A wolf (Lair:2)
  A phantom (D:6)
  A kobold brigand (D:8)
  7 bullfrogs
  2 scorpions
  2 water moccasin zombies (Ossuary)
  A water moccasin skeleton (D:6)
  A howler monkey (D:8)
  7 electric eels
  3 centaur zombies
  A bullfrog zombie (D:6)
  A hound (D:5)
  2 orc priests
  6 iguanas
  An orc wizard (D:6)
  A killer bee zombie (D:6)
  A hound skeleton (D:4)
  2 mummies (Ossuary)
  4 gnolls (D:2)
  8 adders
  A shadow imp (D:6)
  3 adder zombies (Ossuary)
  An adder skeleton (D:4)
  3 worms
  4 dart slugs
  13 orcs
  6 ball pythons
  10 endoplasms
  3 giant cockroaches
  3 gnoll zombies (Ossuary)
  8 goblins
  10 hobgoblins
  2 jackals (D:3)
  7 kobolds
  4 quokkas
  5 bats
  3 frilled lizards
  3 hobgoblin zombies (Ossuary)
  4 kobold zombies (Ossuary)
  7 orc zombies (Ossuary)
  4 rats
206 creatures vanquished.

Vanquished Creatures (others)
  A necrophage (D:4)
  A hound (D:4)
  A jelly (D:4)
  A worm (D:4)
  3 orcs (D:4)
  A giant cockroach (D:4)
  2 hobgoblins (D:4)
  2 fungi
  61 plants
73 creatures vanquished.

Grand Total: 279 creatures vanquished

Notes
Turn   | Place    | Note
-------+----------+-------------------------------------------
     0 | D:1      | pokedragonboy the Hill Orc Fighter began the quest for the
                  | Orb.
     0 | D:1      | Reached XP level 1. HP: 19/19 MP: 1/1
    71 | D:1      | Reached skill level 3 in Axes
   142 | D:1      | Reached XP level 2. HP: 16/27 MP: 2/2
   363 | D:1      | Reached skill level 1 in Invocations
   854 | D:2      | Reached XP level 3. HP: 33/33 MP: 2/4
  1072 | D:2      | Reached skill level 4 in Axes
  1340 | D:2      | Reached XP level 4. HP: 13/40 MP: 5/5
  1860 | D:2      | Reached XP level 5. HP: 44/47 MP: 6/6
  1909 | D:2      | Found a blossoming altar of Fedhas.
  1922 | D:2      | You fall into a shaft and drop 2 floors!
  1980 | D:4      | Noticed a necrophage
  1981 | D:4      | Became a worshipper of Beogh the Brigand
  1992 | D:4      | Killed a necrophage
  2052 | D:4      | Reached skill level 5 in Axes
  2783 | D:3      | Reached XP level 6. HP: 53/53 MP: 8/8
  3086 | D:3      | Noticed Sigmund
  3134 | D:3      | Killed Sigmund
  3135 | D:3      | Reached skill level 5 in Fighting
  3135 | D:3      | Reached skill level 6 in Axes
  3497 | D:3      | Reached * piety under Beogh
  3653 | D:3      | Found a faded altar of an unknown god.
  3973 | D:4      | Reached XP level 7. HP: 45/61 MP: 9/9
  4109 | D:4      | Got the Compendium of Fire
  4364 | D:5      | Entered Level 5 of the Dungeon
  4433 | D:5      | Reached skill level 5 in Armour
  4489 | D:5      | Reached skill level 7 in Axes
  4516 | D:5      | Found a sand-covered staircase.
  4526 | Ossuary  | Entered an ossuary
  4691 | Ossuary  | Reached ** piety under Beogh
  4719 | Ossuary  | Reached XP level 8. HP: 55/70 MP: 11/11
  4819 | D:5      | HP: 2/70 [ogre (22)]
  5088 | D:5      | Reached skill level 8 in Axes
  5088 | D:5      | Reached skill level 5 in Invocations
  6015 | D:6      | Reached skill level 9 in Axes
  6032 | D:6      | Identified the ring of Melee {Fly Int+2}
  6079 | D:6      | Found a blossoming altar of Fedhas.
  6683 | D:6      | Reached XP level 9. HP: 50/78 MP: 13/13
  6839 | D:6      | Found a staircase to the Ecumenical Temple.
  7126 | D:6      | Found a glowing silver altar of Zin.
  7126 | D:6      | Found a basalt altar of Yredelemnul.
  7134 | D:6      | Found a sacrificial altar of Ru.
  7136 | D:6      | Found a bloodstained altar of Trog.
  7138 | D:6      | Found a glowing golden altar of the Shining One.
  7362 | D:7      | Reached skill level 10 in Axes
  9659 | D:8      | Reached skill level 11 in Axes
 10214 | D:8      | Found a staircase to the Lair.
 10242 | D:8      | Noticed a komodo dragon
 10255 | D:8      | Killed a komodo dragon
 10256 | D:8      | Reached XP level 10. HP: 46/88 MP: 15/15
 10826 | Lair:1   | Entered Level 1 of the Lair of Beasts
 11059 | D:8      | Reached skill level 1 in Short Blades
 12081 | Lair:1   | Reached skill level 12 in Axes
 12624 | Lair:1   | Noticed a cane toad
 12635 | Lair:1   | Killed a cane toad
 12636 | Lair:1   | Reached skill level 5 in Short Blades
 12645 | Lair:1   | HP: 6/136 [poisoned by a cane toad]
 13258 | Lair:1   | HP: 3/91 [komodo dragon (22)]
 13562 | Lair:1   | Reached XP level 11. HP: 74/97 MP: 17/17
 13663 | Lair:1   | Noticed a seven-headed hydra
 13683 | Lair:1   | Killed a seven-headed hydra
 13684 | Lair:1   | Reached skill level 13 in Axes
 15627 | Lair:2   | Noticed a five-headed hydra
 15647 | Lair:2   | HP: 4/99 [five-headed hydra (4)]
 15652 | Lair:2   | Slain by a hell rat

Illustrated notes

Levels and vault maps discovered:
D:1:      dpeg_arrival_shelter, layout_loops_ring
D:2:      layout_rooms, serial_rivers, chequers_serial_rivers_room_a,
          chequers_serial_rivers_micro_b, chequers_serial_rivers_small_3,
          chequers_serial_rivers_large_a, chequers_serial_rivers_micro_c,
          minmay_misc_feat_doors, minmay_hexomino_r4
D:3:      layout_loops_cross, hellmonk_ecumenical_altar_slurped_away,
          uniq_sigmund
D:4:      layout_cave_pods, grunt_ministairs_13, minmay_manual_moon
D:5:      layout_basic, nicolae_ossuary_entry_monument
D:6:      layout_rooms, chequers_temple_overflow_minitemple,
          fedhas_bush_and_centaur_altar, minmay_temple_entry_gardened_gates
D:7:      layout_layer_cave
D:8:      layout_basic, david_lair_shrubbed, grunt_ministairs_8,
          nzn_life_drinkers
D:9:      layout_loops_corners, gammafunk_ghost_arena, grunt_decor_one_mirror,
          chequers_serial_rivers_micro_a, serial_bayou_pond_b
Lair:1:   layout_regular_city, serial_bayou_pond_e,
          chequers_serial_rivers_micro_b, serial_bayou_lagoon_b
Lair:2:   nzn_winding_woodlands_stair_trap [nzn_winding_woodlands_5x15_twine,
          nzn_winding_woodlands_5x15_lazy_stream,
          nzn_winding_woodlands_5x15_pockets,
          nzn_winding_woodlands_15x15_five_gardens,
          nzn_winding_woodlands_5x15_eye, nzn_winding_woodlands_5x15_sawtooth,
          nzn_winding_woodlands_5x15_crooked], layout_regular_city,
          nicolae_swamp_entry_splash_gauntlet, beast_lair_carwin_8

Skill      XL: |  1  2  3  4  5  6  7  8  9 10 11 |
---------------+----------------------------------+-----
Axes           | 3 4 5 6 7 9 11 12 13 | 13.7
Invocations    | 1 2 3 4 6 7 9 |  9.9
Fighting       | 4 5 6 8 9 |  9.9
Armour         | 4 5 6 7 8 9 |  9.1
Short Blades   | 6 |  6.0
Shields        | |  3.2

Action                   |  1- 3 |  4- 6 |  7- 9 | 10-12 || total
-------------------------+-------+-------+-------+-------++-------
Melee: War axe           |    66 |   186 |   318 |       ||   570
       Battleaxe         |       |       |    62 |   259 ||   321
       Short sword       |       |       |       |    16 ||    16
Throw: Javelin           |       |       |       |    21 ||    21
Invok: Convert to Beogh  |       |     1 |       |       ||     1
       Smiting           |       |       |     5 |     1 ||     6
  Use: Potion            |       |     2 |     4 |     3 ||     9
       Scroll            |       |       |    11 |     1 ||    12
 Stab: Distracted        |       |     1 |       |       ||     1
Armor: Scale mail        |    20 |    42 |       |       ||    62
       Plate armour      |       |    55 |   242 |   177 ||   474
       Skin              |       |       |       |     1 ||     1
Dodge: Dodged            |    14 |    51 |   109 |   126 ||   300
Block: Kite shield       |    39 |    75 |   125 |       ||   239
